 Dungeon Crawl Stone Soup version 0.31-a0-188-g5e087ee2ca (webtiles) character file.

Game seed: 13215714327914477611

51 qw the Shooter (level 3, -11/20 HPs)
             Began as a Deep Elf Hunter on June 23, 2023.
             Killed from afar by Ijyb (14 damage)
             ... with a puff of flame
             ... on level 3 of the Dungeon.
             The game lasted 00:00:43 (1389 turns).

qw the Shooter (Deep Elf Hunter)                    Turns: 1389, Time: 00:00:43

Health: -11/20     AC:  6    Str: 10    XL:     3   Next: 57%
Magic:  5/5        EV: 14    Int: 13    God:
Gold:   18         SH:  0    Dex: 18    Spells: 2/2 levels left

rFire   . . .        Y - +1 shortbow
rCold   . . .        (shield currently unavailable)
rNeg    . . .        h - +0 scale mail
rPois   .            (no helmet)
rElec   .            (no cloak)
rCorr   .            (no gloves)
SInv    .            (no boots)
Will    .....        (no amulet)
Stlth   +            f - +5 ring of evasion
HPRegen 0.23/turn    (no ring)
MPRegen 0.09/turn

%: no passive effects
@: no status effects
A: no striking features
a: no special abilities


You were on level 3 of the Dungeon.
You visited 1 branch of the dungeon, and saw 3 of its levels.

You collected 115 gold pieces.
You spent 97 gold pieces at shops.


   Skills:
 - Level 1.5 Fighting
 + Level 7.1 Ranged Weapons
 - Level 2.4 Dodging
 - Level 1.2 Stealth


You had 2 spell levels left.
You didn't know any spells.
Your spell library was empty.

Inventory:

Hand Weapons
 Y - a +1 shortbow (weapon)
Armour
 h - a +0 scale mail (worn)
Jewellery
 f - a +5 ring of evasion (left hand)
Scrolls
 e - 3 scrolls of identify
 m - a scroll of enchant armour

Dungeon Overview and Level Annotations

Branches:
Dungeon (3/15)

Altars:
Fedhas
Uskayaw

Shops:
D:1 ?   D:2 *

Annotations:
D:3 Ijyb


Message History

What level of the Dungeon? (default 1, ? - help)
There is a stone staircase leading up here.
There is a stone staircase leading down here.
You climb downwards.
Found a stone.
Found a blossoming altar of Fedhas.
There is a stone staircase leading up here.
Found a book of Alchemy.
You see here a book of Alchemy.
You open the door.
Ijyb the Twisted Goblin comes into view.
She is wielding a +0 club and carrying a wand of flame (17).
Found 15 gold pieces.
Ijyb shouts!
Ijyb drinks a potion.
Ijyb suddenly seems more resistant.
There is an open door here.
You shoot an arrow. The arrow closely misses Ijyb.
You shoot an arrow. The arrow closely misses Ijyb.
You shoot an arrow. The arrow hits Ijyb!
Ijyb is moderately wounded.
You shoot an arrow. The arrow hits Ijyb but does no damage.
Ijyb is moderately wounded.
Ijyb zaps a wand.
The puff of flame misses you.
You shoot an arrow. The arrow barely misses Ijyb.
You shoot an arrow. The arrow hits Ijyb!
Ijyb is severely wounded.
Ijyb zaps a wand.
The puff of flame hits you.
You shoot an arrow. The arrow closely misses Ijyb.
Ijyb barely misses you.
You shoot an arrow. The arrow closely misses Ijyb.
Ijyb hits you with a +0 club.
You shoot an arrow. The arrow closely misses Ijyb.
Ijyb zaps a wand.
The puff of flame hits you. Ijyb barely misses you.
You shoot an arrow. The arrow barely misses Ijyb.
Ijyb barely misses you.
You shoot an arrow. The arrow hits Ijyb but does no damage.
Ijyb is severely wounded.
Ijyb zaps a wand.
The puff of flame hits you. Ijyb misses you.
You shoot an arrow. The arrow barely misses Ijyb.
Ijyb zaps a wand.
The puff of flame hits you!
Ouch! That really hurt!
You die...

+.... #.$.. ###
#.... ..# #.$..
###.# ###.... ..#.#
....... #.#.#
#...g#### ..#.##
#....@..# .....##
#....##.#
P.P...############.#
._...............:.#
P.P...##############
......# ......#
......# ......#


You could see Ijyb (resistant).

Vanquished Creatures
  A dart slug (D:2)
  2 orcs (D:3)
  4 bats
  5 giant cockroaches
  A goblin (D:2)
  3 hobgoblins
  2 jackals (D:2)
  4 quokkas (D:1)
  6 ball pythons
  4 frilled lizards
  7 kobolds
  6 rats
45 creatures vanquished.

Notes
Turn   | Place    | Note
-------+----------+-------------------------------------------
     0 | D:1      | qw the Deep Elf Hunter began the quest for the Orb.
     0 | D:1      | Reached XP level 1. HP: 12/12 MP: 3/3
     0 | D:1      | 0 ||| qw: Version: 0.3-a-9-g12657ce
     0 | D:1      | 0 ||| qw: Game counter: 3959
     0 | D:1      | 0 ||| qw: Always use a shield: true
     0 | D:1      | 0 ||| qw: God list: Okawaru
     0 | D:1      | 0 ||| qw: Allow faded altars: false
     0 | D:1      | 0 ||| qw: Do Orc after D:15 true
     0 | D:1      | 0 ||| qw: Do second Lair branch before Depths: true
     0 | D:1      | 0 ||| qw: Lair rune preference: random
     0 | D:1      | 0 ||| qw: Plans: Normal
     0 | D:1      | 0 ||| PLANNING D:1-11
   191 | D:1      | Reached XP level 2. HP: 16/16 MP: 4/4
   206 | D:1      | Reached skill level 6 in Ranged Weapons
   558 | D:1      | Found Ajoibev's Magic Scroll Emporium.
   563 | D:1      | 563 ||| SHOPLISTING scroll of brand weapon (123 gold, have
                  | 109).
   563 | D:1      | 563 ||| BUYING scroll of enchant armour (97 gold).
   563 | D:1      | Bought a scroll of enchant armour for 97 gold pieces
   563 | D:1      | 563 ||| SHOPLISTING scroll of identify (26 gold, have 12).
   563 | D:1      | 563 ||| SHOPLISTING scroll of teleportation (39 gold, have
                  | 12).
   633 | D:1      | 633 ||| UPGRADING to +0 scale mail.
   643 | D:1      | 643 ||| DROPPING +0 leather armour.
   644 | D:1      | 644 ||| UPGRADING to +5 ring of evasion.
   645 | D:1      | 645 ||| READING scroll labelled GIECAD NIPP.
   646 | D:1      | 646 ||| READING 4 scrolls labelled JIERUPHYEP.
   647 | D:1      | 647 ||| READING 2 scrolls labelled TUMNOURAYX.
   648 | D:1      | 648 ||| READING scroll labelled SANLOR JUAR.
   653 | D:1      | 653 ||| READING scroll labelled CIWIUF ECRA.
   654 | D:1      | 654 ||| DRINKING 2 green potions.
   655 | D:1      | 655 ||| READING 3 scrolls of identify.
   655 | D:1      | 655 ||| IDENTIFYING black potion
   656 | D:1      | 656 ||| DROPPING scroll of butterflies.
   657 | D:1      | 657 ||| DROPPING scroll of vulnerability.
   658 | D:1      | 658 ||| DROPPING potion of lignification.
   683 | D:2      | Reached XP level 3. HP: 20/20 MP: 5/5
   716 | D:2      | Found a hide-covered altar of Uskayaw.
   801 | D:2      | Found Cyst's General Store.
   809 | D:2      | 809 ||| SHOPLISTING +5 shortbow of Stickiness {elec, rElec}
                  | (558 gold, have 12).
   809 | D:2      | 809 ||| SHOPLISTING 2 potions of might (96 gold, have 12).
   809 | D:2      | 809 ||| SHOPLISTING potion of mutation (96 gold, have 12).
   809 | D:2      | 809 ||| SHOPLISTING scroll of acquirement (624 gold, have
                  | 12).
  1119 | D:2      | Reached skill level 7 in Ranged Weapons
  1172 | D:2      | 1172 ||| READING scroll labelled VYUM QUSHEA.
  1173 | D:2      | 1173 ||| DRINKING 2 fuming ruby potions.
  1174 | D:2      | 1174 ||| READING 4 scrolls of identify.
  1174 | D:2      | 1174 ||| IDENTIFYING purple potion
  1175 | D:2      | 1175 ||| DROPPING potion of magic.
  1202 | D:3      | 1202 ||| DRINKING potion of curing.
  1202 | D:3      | 1202 ||| (to cure confusion)
  1204 | D:3      | 1204 ||| FLEEEEING.
  1205 | D:3      | 1205 ||| FLEEEEING.
  1206 | D:3      | 1206 ||| FLEEEEING.
  1207 | D:3      | 1207 ||| FLEEEEING.
  1208 | D:3      | 1208 ||| FLEEEEING.
  1209 | D:3      | 1209 ||| FLEEEEING.
  1210 | D:3      | 1210 ||| FLEEEEING.
  1211 | D:3      | 1211 ||| STAIRDANCE
  1257 | D:3      | 1257 ||| STAIRDANCE
  1272 | D:2      | HP: 3/20 [orc wizard/puff of flame (7)]
  1273 | D:2      | 1273 ||| READING scroll of teleportation.
  1274 | D:2      | 1274 ||| DRINKING potion of heal wounds.
  1346 | D:3      | Found a blossoming altar of Fedhas.
  1377 | D:3      | Noticed Ijyb
  1388 | D:3      | HP: 2/20 [Ijyb/puff of flame (4)]
  1389 | D:3      | Killed from afar by Ijyb

Levels and vault maps discovered:
D:1:      minmay_arrival_four_houses, layout_basic, serial_shops, shop,
          minmay_tetromino_s4
D:2:      layout_basic, basic_altar, serial_shops, shop,
          kennysheep_generic_room_13
D:3:      layout_basic, fedhas_altar_1, shapermc_ecumenical_altar_venn,
          uniq_ijyb

Skill      XL: |  1  2  3 |
---------------+----------+-----
Ranged Weapons | 6 7 |  7.1
Fighting       | |  1.5
Dodging        | |  2.4
Stealth        | |  1.2

Action                     || total
---------------------------++-------
   Fire: Shortbow          ||   149
    Use: Scroll            ||     9
         Potion            ||     4
 Armour: Leather armour    ||    10
         Scale mail        ||    40
  Dodge: Dodged            ||    67

Table legend:
 A = Non-vault XP
 B = Vault XP
 C = Vault XP percentage of total XP
 D = Non-vault monster count
 E = Vault monster count
 F = Vault count percentage of total count
                 A         B        C        D         E       F
            +---------+---------+-------+---------+---------+-------
      Total |      71 |       2 |   2.7 |      44 |       1 |   2.2
            +---------+---------+-------+---------+---------+-------
        D:1 |      37 |       2 |   5.1 |      24 |       1 |   4.0
        D:2 |      26 |       0 |   0.0 |      16 |       0 |   0.0
        D:3 |       8 |       0 |   0.0 |       4 |       0 |   0.0
            +---------+---------+-------+---------+---------+-------
